 Dungeon Crawl Stone Soup version 0.31-a0-175-g9f7f995f2b (webtiles) character file.

Game seed: 1150238852675493272

275 Zonian the Ruffian (level 6, -3/48 HPs)
             Began as a Vine Stalker Gladiator on June 17, 2023.
             Killed by divine providence
             ... invoked by an orc priest
              (10 damage)
             ... on level 4 of the Dungeon.
             The game lasted 00:04:54 (2121 turns).

Zonian the Ruffian (Vine Stalker Gladiator)         Turns: 2121, Time: 00:04:55

Health: -3/48      AC:  5    Str: 18    XL:     6   Next: 25%
Magic:  0/7        EV: 12    Int:  8    God:
Gold:   190        SH:  0    Dex: 16    Spells: 5/5 levels left

rFire   . .          .
                       - Unarmed
rCold   . . .        (no shield)
rNeg    . . .        a - +0 leather armour
rPois   .            b - +1 helmet
rElec   .            (no cloak)
rCorr   .            (no gloves)
SInv    .            (no boots)
Will    .....        (no amulet) Stlth
                     (no ring)
HPRegen 1.08/turn    (no ring)
MPRegen 0.10/turn

%: guardian spirit
@: berserking, very quick
A: fangs 2, regeneration 1, magic shield, antimagic bite, no potion heal 2
a: no special abilities


You were on level 4 of the Dungeon.
You visited 1 branch of the dungeon, and saw 4 of its levels.

You collected 190 gold pieces.

Inventory:

Missiles
 c - 2 throwing nets (quivered)
 d - 7 javelins
 g - 4 poisoned darts
 p - 2 boomerangs
Armour
 a - a +0 leather armour (worn)
 b - a +1 helmet (worn)
Scrolls
 f - 3 scrolls of enchant armour
 h - 2 scrolls of revelation
 m - 2 scrolls of enchant weapon
 s - a scroll of fear {unknown}
Potions
 e - a potion of degeneration {unknown}
 i - 2 potions of curing {unknown}
 j - 2 potions of enlightenment
 k - 2 potions of haste {unknown}
 l - a potion of lignification {unknown}
 n - a potion of heal wounds {unknown}
 q - a potion of berserk rage
 r - a potion of might {unknown}


   Skills:
 + Level 3.5 Fighting
 - Level 2.2 Throwing
 - Level 2.7 Dodging
 + Level 3.6 Stealth
 + Level 4.5 Unarmed Combat


You had 5 spell levels left.
You didn't know any spells.
Your spell library was empty.

Dungeon Overview and Level Annotations

Branches:
Dungeon (4/15)
 Temple: D:4-7

Altars:

Shops:
D:2 [


Innate Abilities, Weirdness & Mutations

You have extremely sharp teeth.
Your natural rate of healing is unusually fast.
When hurt, damage is shared between your health and your magic reserves.
Your bite disrupts and absorbs the magic of your enemies.
Potions cannot restore your health.


Message History

An orc comes into view. It is wielding a +0 trident.
An orc comes into view. It is wielding a +0 hand axe.
The orc priest hits you with a +0 short sword.
You closely miss the orc priest.
The kobold shouts!
The orc shouts!
You bite the orc priest, but do no damage.
You hear a shout! x2
An orc comes into view. It is wielding a +0 whip.
The orc priest closely misses you.
An orc priest comes into view. It is wielding a +0 whip.
The orc priest shouts!
You barely miss the orc priest. Your bite misses the orc priest.
The orc priest calls down the wrath of Beogh upon you.
Beogh smites you! The orc misses you.
The orc priest invokes the aid of Beogh against you.
Beogh smites you!
You closely miss the orc priest. The orc hits you with a +0 hand axe.
* * * LOW HITPOINT WARNING * * *
The kobold hits you but does no damage.
An orc comes into view. It is wielding a +0 dagger.
The orc hits you with a +0 trident.
* * * LOW HITPOINT WARNING * * *
The orc priest barely misses you. The orc misses you.
Unknown command.
Okay, then.
A red film seems to cover your vision as you go berserk!
You feel yourself moving faster!
You feel mighty!
The orc shouts!
The kobold hits you with a +0 short sword.
* * * LOW HITPOINT WARNING * * *
The orc misses you. The orc priest misses you.
The orc hits you with a +0 hand axe.
* * * LOW HITPOINT WARNING * * *
You barely miss the orc priest.
You bite the orc priest, but do no damage.
You closely miss the orc priest. The kobold closely misses you.
The orc closely misses you.
The orc priest mumbles some strange prayers to Beogh against you.
Beogh smites you!
You die...

**,,,,,....................#,,,,,
,,,*,,,.....................,,,,,
,,,**,,...<............###.#,,**,
,,**,,,#.......###....## *##*,,,,
,,,*,,,#..............##****,,,,,
,,,,,,,............##..#,,,,,,,,,
,,,,,,*#.........###.....,,**,,,<
**,,,,,..##....o......#..,****,,,
**,,,,......##K@o..#.#,,,****,,*
**,,,,,*..###*#oo..##,,,,,,,*,,**
,,,,,,,*#.*,,*#.o###*,,,,,,,,,,,*
,,,,,,,,,,,,,,##o#*,*,,,,,,,**,,,
,,,,,*,,,,,*,,,.oo,,,,,,,,,,***,,
,,*,,*,,,***,*,...,,,,,,,,,,***,,
,,,,,*,****,,*,...,,,,,,,,,,,,,,,
,,,,,,,,* *,,,.....,,,,,*,,,,,,,,
,,*,*,,** *,,,,,,,,,,,,,,,,,,<,,,


You could see 2 orc priests, 6 orcs and a kobold.

Vanquished Creatures
  Sigmund (D:4)
  5 adders
  A worm (D:2)
  A dart slug (D:3)
  2 orcs
  4 endoplasms
  6 giant cockroaches
  6 goblins
  8 hobgoblins
  10 kobolds
  5 quokkas
  2 ball pythons
  5 bats
  A frilled lizard (D:3)
  4 rats
61 creatures vanquished.

Notes
Turn   | Place    | Note
-------+----------+-------------------------------------------
     0 | D:1      | Zonian the Vine Stalker Gladiator began the quest for the
                  | Orb.
     0 | D:1      | Reached XP level 1. HP: 11/11 MP: 2/2
   114 | D:1      | Reached XP level 2. HP: 15/15 MP: 3/3
   599 | D:1      | Reached XP level 3. HP: 18/18 MP: 4/4
   904 | D:2      | Found a faded altar of an unknown god.
  1166 | D:2      | Found Seitycod's Armour Shop.
  1430 | D:3      | Reached skill level 1 in Stealth
  1489 | D:3      | Gained mutation: Your natural rate of healing is unusually
                  | fast. [Vine Stalker growth]
  1489 | D:3      | Reached XP level 4. HP: 23/23 MP: 5/5
  2046 | D:4      | Reached XP level 5. HP: 28/28 MP: 6/6
  2052 | D:4      | Noticed Sigmund
  2065 | D:4      | Killed Sigmund
  2066 | D:4      | Reached skill level 4 in Unarmed Combat
  2066 | D:4      | Reached XP level 6. HP: 29/32 MP: 7/7
  2121 | D:4      | Killed from afar by an orc priest

Illustrated notes

Levels and vault maps discovered:
D:1:      zaba_arrival_water, layout_basic
D:2:      layout_basic, hellmonk_ecumenical_altar_blasted, serial_shops, shop
D:3:      layout_basic, dreamdust_mushroom_princess, minmay_misc_feat_enclosed
D:4:      layout_cave_pools, kennysheep_potato, uniq_sigmund

Skill      XL: |  1  2  3  4  5 |
---------------+----------------+-----
Fighting       | 2 3 |  3.5
Throwing       | 2 |  2.2
Stealth        | 1 2 3 |  3.6
Unarmed Combat | 4 |  4.5
Dodging        | |  2.7

Action                     |  1- 3 |  4- 6 || total
---------------------------+-------+-------++-------
  Melee: Unarmed           |   121 |    77 ||   198
         Bite              |    31 |    18 ||    49
         Punch             |     2 |     3 ||     5
  Throw: Javelin           |       |     1 ||     1
         Throwing net      |       |     1 ||     1
    Use: Scroll            |     1 |     4 ||     5
         Potion            |       |     1 ||     1
   Stab: Sleeping          |     2 |     1 ||     3
         Held in net/web   |       |     2 ||     2
 Armour: Leather armour    |    33 |    17 ||    50
  Dodge: Dodged            |    71 |    43 ||   114

Table legend: (Time is in decaauts)
 A = Elapsed time spent in this place.
 B = Non-inter-level travel time spent in this place.
 C = Inter-level travel time spent in this place.
 D = Time resting spent in this place.
 E = Time spent auto-exploring this place.
 F = Levels seen in this place.
 G = Mean time per level.
                   A        B        C        D        E       F      G
               +--------+--------+--------+--------+--------+-----+--------+
         Total |   2115 |   2074 |     41 |    152 |   1338 |   4 |  528.8 |
       Dungeon |   2115 |   2074 |     41 |    152 |   1338 |   4 |  528.8 |
               +--------+--------+--------+--------+--------+-----+--------+

Top non-repeatable levels by time:
     D:1: 855 daAuts
     D:2: 530 daAuts
     D:3: 513 daAuts
     D:4: 216 daAuts
